 Dungeon Crawl Stone Soup version 0.21.0 (webtiles) character file.

3 edsrzf the Ducker (level 1, 0/11 HPs)
             Began as a Tengu Earth Elementalist on Jan 21, 2018.
             Slain by a goblin
             ... wielding a +0 dagger
              (3 damage)
             ... on level 1 of the Dungeon.
             The game lasted 00:00:30 (199 turns).

edsrzf the Ducker (Tengu Earth Elementalist)         Turns: 199, Time: 00:00:31

Health: 0/11       AC:  2    Str:  8    XL:     1   Next: 50%
Magic:  3/4        EV: 12    Int: 15    God:
Gold:   0          SH:  0    Dex: 14    Spells: 3/4 levels left

rFire    . . .     SeeInvis .   (no weapon)
rCold    . . .     Gourm    .   (no shield)
rNeg     . . .     Faith    .   c - +0 robe
rPois    .         Spirit   .   (helmet restricted)
rElec    .         Reflect  .   (no cloak)
rCorr    .         Harm     .   (no gloves)
MR       .....                  (boots unavailable)
Stlth    ++........             (no amulet)
HPRegen  0.03/turn              (no ring)
MPRegen  0.09/turn              (no ring)

@: no status effects
A: beak, talons 3
a: no special abilities


You were on level 1 of the Dungeon.
You were not hungry.

You visited 1 branch of the dungeon, and saw 1 of its levels.

Inventory:

Missiles
 b - 51 stones (quivered)
Armour
 c - a +0 robe (worn)
Books
 e - a book of Geomancy
Comestibles
 d - a ration


   Skills:
 + Level 0.5 Fighting
 - Level 2.1 Dodging
 - Level 2.0 Stealth
 + Level 2.1 Spellcasting
   Level 0.7 Transmutations
 - Level 2.1 Earth Magic


You had 3 spell levels left.
You knew the following spells:

 Your Spells              Type           Power        Failure   Level  Hunger
X - Sandblast             Erth           #.....       9%          1    #......


Dungeon Overview and Level Annotations

Branches:
Dungeon (1/15)

Altars:


Innate Abilities, Weirdness & Mutations

You have a beak for a mouth.
You have claws for feet.


Message History

Welcome, edsrzf the Tengu Earth Elementalist.
Will you be the one to retrieve the fabulous Orb of Zot from the depths?
Press ? for a list of commands and other information.
Found a staircase leading out of the dungeon.
Autoexplore enabled for D:1 A hobgoblin comes into view.
It is wielding a club.
Casting: Sandblast
Confirm with . or Enter, or press ? or * to list all spells.
Aiming: Sandblast
Press: ? - help, Shift-Dir - straight line, f - hobgoblin
Aim: a hobgoblin, wielding a club The blast of sand misses the hobgoblin.
b - 29 stones
Casting: Sandblast
Confirm with . or Enter, or press ? or * to list all spells.
Aiming: Sandblast
Press: ? - help, Shift-Dir - straight line, f/p - hobgoblin
Aim: a hobgoblin, wielding a club The blast of sand hits the hobgoblin.
The hobgoblin is severely wounded.
b - 28 stones
Casting: Sandblast
Confirm with . or Enter, or press ? or * to list all spells.
Aiming: Sandblast
Press: ? - help, Shift-Dir - straight line, f/p - hobgoblin
Aim: a hobgoblin, wielding a club (severely wounded)
The blast of sand hits the hobgoblin.
You kill the hobgoblin!
b - 27 stones You start resting.
Magic restored.
You see here a club.
A rat comes into view.
Found 25 stones.
A rat comes into view.
A dart slug comes into view.
You closely miss the rat. You claw the rat. You peck the rat.
The rat is severely wounded.
The rat bites you. The rat closely misses you.
The rat bites you but does no damage.
You barely miss the rat. You peck the rat.
The rat is moderately wounded.
The rat closely misses you.
You closely miss the rat.
The rat is moderately wounded.
The rat barely misses you.
You hit the rat but do no damage.
The rat is moderately wounded.
The rat barely misses you.
You hit the rat.
You kill the rat!
You closely miss the rat. You claw the rat.
You kill the rat!
You see here a rat corpse.
You start resting.
HP restored.
Found a large shield.
b - 52 stones (gained 25)
A bat comes into view.
A goblin comes into view. It is wielding a dagger.
The goblin shouts!
You hit the bat. Your kick misses the bat. Your peck misses the bat.
The bat is moderately wounded.
The bat barely misses you. x2
You closely miss the bat. Your kick misses the bat. Your peck misses the bat.
The bat is moderately wounded.
The bat barely misses you. The bat hits you. The bat closely misses you.
You miss the bat.
The bat is moderately wounded.
The bat completely misses you. The bat hits you. The bat misses you.
The bat hits you. The bat closely misses you. The bat hits you.
The bat closely misses you.
You completely miss the bat. You claw the bat, but do no damage.
The bat is moderately wounded.
The bat closely misses you.
You barely miss the bat. You claw the bat.
You kill the bat!
You barely miss the goblin. The goblin hits you with a dagger.
* * * LOW HITPOINT WARNING * * *
Casting: Sandblast
Confirm with . or Enter, or press ? or * to list all spells.
Aiming: Sandblast
Press: ? - help, Shift-Dir - straight line, f - goblin
Aim: a goblin, wielding a dagger The blast of sand misses the goblin.
b - 51 stones The goblin hits you with a dagger.
You die...

#..## #....# #...#
#....# #.#.#
#....########
#.###.#.####.##........<
#.......†....##.........
#######.###########.....
#######.###### #.####
[............# #.# #
#######@####.# #)# # #g#
#.# # ###########.# #.#
# ............# #.# #
............# #.# #
######.##### #.# #
#............. ..#
...........#.## ...
........##.#


You could see a goblin.

Vanquished Creatures
  A hobgoblin (D:1)
  A bat (D:1)
  2 rats (D:1)
4 creatures vanquished.

Notes
Turn   | Place    | Note
-------+----------+-------------------------------------------
     0 | D:1      | edsrzf the Tengu Earth Elementalist began the quest for the Orb.
     0 | D:1      | Reached XP level 1. HP: 10/10 MP: 4/4
   199 | D:1      | Slain by a goblin

Action                   || total
-------------------------++-------
Melee: Unarmed           ||    12
       Kick              ||     4
       Peck              ||     2
 Cast: Sandblast         ||     4
Armor: Robe              ||     1
Dodge: Dodged            ||    13
